 Dungeon Crawl Stone Soup version 0.23.0-42-geed6394 (webtiles) character file.

Game seed: 4208644746304223279

488 Kairos the Chopper (level 7, 0/37 HPs)
             Began as a Vine Stalker Fighter on Feb 28, 2019.
             Was a Follower of Okawaru.
             Slain by Prince Ribbit (10 damage)
             ... on level 5 of the Dungeon.
             The game lasted 00:03:47 (2888 turns).

Kairos the Chopper (Vine Stalker Fighter)           Turns: 2888, Time: 00:03:48

Health: 0/37       AC:  7    Str: 21      XL:     7   Next: 13%
Magic:  0/8        EV:  8    Int: 11      God:    Okawaru [*.....]
Gold:   83         SH:  9    Dex: 12 (13) Spells: 6/6 levels left

rFire    . . .     SeeInvis .   a - +0 war axe
rCold    . . .     Gourm    .   c - +0 shield
rNeg     . . .     Faith    .   q - +1 ring mail {MR+}
rPois    .         Spirit   +   (no helmet)
rElec    .         Reflect  .   (no cloak)
rCorr    .         Harm     .   u - +0 pair of gloves
MR       +....                  (no boots)
Stlth    +.........             (no amulet)
HPRegen  0.52/turn              g - +3 ring of intelligence
MPRegen  0.11/turn              (no ring)

@: no status effects
A: fangs 2, regeneration 1, magic shield, antimagic bite, no potion heal 3, rot
immunity
a: Heroism, Renounce Religion


You were on level 5 of the Dungeon.
You worshipped Okawaru.
Okawaru was aware of your devotion.
You were not hungry.

You visited 1 branch of the dungeon, and saw 5 of its levels.

You collected 83 gold pieces.

Inventory:

Hand Weapons
 a - a +0 war axe (weapon)
Armour
 b - a +0 scale mail
 c - a +0 shield (worn)
 q - a +1 ring mail of magic resistance (worn)
 u - a +0 pair of gloves (worn)
Jewellery
 g - a +3 ring of intelligence (left hand)
Wands
 t - a wand of polymorph (8)
Scrolls
 h - 7 scrolls of teleportation
 i - a scroll of amnesia
 j - a scroll of fear
 p - a scroll of remove curse
 r - a scroll of random uselessness {unknown}
Potions
 d - a potion of might
 e - a potion of agility {unknown}
 l - 2 potions of curing {unknown}
 m - a potion of lignification {unknown}
 n - a potion of resistance {unknown}
 o - a potion of haste {unknown}
 s - 2 potions of heal wounds {unknown}
Comestibles
 f - 9 rations


   Skills:
 + Level 3.7 Fighting
 + Level 4.7 Axes
 + Level 3.1 Armour
 + Level 0.8 Dodging
 + Level 1.9 Stealth
 + Level 3.8 Shields


You had 6 spell levels left.
You didn't know any spells.
Your spell library contained the following spells:

 Spells                   Type           Power        Failure   Level  Hunger
 Magic Dart               Conj           #...         94%         1    ##.....
 Searing Ray              Conj           #.....       98%         2    ###....
 Dazzling Spray           Conj/Hex       #.....       100%        3    ####...
 Force Lance              Conj/Tloc      #.......     100%        4    #####..
 Fulminant Prism          Conj/Hex       #.........   100%        4    #####..
 Iskenderun's Mystic Bla  Conj           #.......     100%        4    #####..


Dungeon Overview and Level Annotations

Branches:
Dungeon (5/15)
 Temple: D:4-7

Altars:
Elyvilon
Okawaru

Annotations:
D:3 1 runed translucent door, DungeonDestroyer's ghost, novice MiFi
D:5 Prince Ribbit


Innate Abilities, Weirdness & Mutations

You have extremely sharp teeth.
Your natural rate of healing is unusually fast.
When hurt, damage is shared between your health and your magic reserves.
Your bite disrupts and absorbs the magic of your enemies.
Potions cannot restore your health.
You are immune to rotting.


Message History

Prince Ribbit hits you.
The ice beast hits you but does no damage.
You block the jackal's attack. Prince Ribbit hits you!
* * * LOW HITPOINT WARNING * * *
You are too injured to fight recklessly!
Unknown command.
You are too injured to fight recklessly!
Unknown command.
You are too injured to fight recklessly!
You block Prince Ribbit's attack. You block Prince Ribbit's attack.
The jackal bites you but does no damage.
Prince Ribbit blinks! x2
The jackal barely misses you. You block the jackal's attack.
Prince Ribbit hits you.
* * * LOW HITPOINT WARNING * * *
The jackal bites you but does no damage.
Prince Ribbit hits you!
You die...

## ..... .. ..... .#
....# .# #... .# #+#
#...###.###.#
.####......##..######
..........##l@F.....#
...%......†..h♣...<.#
#........###..Y.....#
.........# ##..######
#.......... ##.#
...........# ###
.........#.#
........(#..
#.$......#.$.


You could see Prince Ribbit, an ice beast, an iguana and a jackal.

Vanquished Creatures
  3 scorpions (D:4)
  A quasit (D:4)
  2 hounds
  An orc wizard (D:3)
  An iguana (D:5)
  3 worker ants (D:4)
  2 hound skeletons (D:4)
  2 adders
  An ooze (D:3)
  2 worms (D:3)
  3 dart slugs
  A leopard gecko (D:1)
  2 orcs (D:3)
  7 bats
  4 giant cockroaches
  7 goblins
  3 hobgoblins
  9 jackals
  8 kobolds
  A quokka (D:3)
  A ball python (D:3)
  7 frilled lizards
  A jackal zombie (D:2)
  6 rats
78 creatures vanquished.

Notes
Turn   | Place    | Note
-------+----------+-------------------------------------------
     0 | D:1      | Kairos the Vine Stalker Fighter began the quest for the
                  | Orb.
     0 | D:1      | Reached XP level 1. HP: 11/11 MP: 2/2
    57 | D:1      | Reached skill level 2 in Axes
    57 | D:1      | Reached XP level 2. HP: 7/16 MP: 3/3
   340 | D:1      | You fall through a shaft!
   459 | D:1      | Reached XP level 3. HP: 16/19 MP: 4/4
  1105 | D:2      | Found a white marble altar of Elyvilon.
  1642 | D:3      | Gained mutation: Your natural rate of healing is unusually
                  | fast. [Vine Stalker growth]
  1642 | D:3      | Reached XP level 4. HP: 24/24 MP: 5/5
  1672 | D:3      | Found an iron altar of Okawaru.
  1685 | D:3      | Became a worshipper of Warmaster Okawaru
  1697 | D:3      | Found a runed translucent door.
  1697 | D:3      | Noticed DungeonDestroyer's ghost (novice MiFi)
  1742 | D:3      | Reached skill level 3 in Axes
  1742 | D:3      | Reached XP level 5. HP: 28/28 MP: 6/6
  2211 | D:4      | Reached skill level 4 in Axes
  2211 | D:4      | Reached XP level 6. HP: 16/32 MP: 3/7
  2488 | D:4      | Reached skill level 1 in Stealth
  2785 | D:5      | Entered Level 5 of the Dungeon
  2792 | D:5      | Reached * piety under Okawaru
  2792 | D:5      | Reached XP level 7. HP: 37/37 MP: 8/8
  2800 | D:5      | Noticed Prince Ribbit
  2888 | D:5      | Slain by Prince Ribbit

Skill      XL: |  1  2  3  4  5  6 |
---------------+-------------------+-----
Axes           | 2 3 4 |  4.7
Shields        | 3 |  3.8
Fighting       | 3 |  3.7
Armour         | 3 |  3.1
Stealth        | 1 |  1.9
Dodging        | |  0.8

Action                   |  1- 3 |  4- 6 |  7- 9 || total
-------------------------+-------+-------+-------++-------
Melee: War axe           |   110 |    93 |    20 ||   223
       Bite              |    22 |    23 |     8 ||    53
  Use: Scroll            |     1 |     4 |       ||     5
  Eat: Chunk             |     2 |     1 |       ||     3
       Ration            |       |     1 |       ||     1
Armor: Scale mail        |    50 |     2 |       ||    52
       Ring mail         |       |    24 |    44 ||    68
Dodge: Dodged            |    29 |    30 |    29 ||    88
Block: Shield            |    82 |    38 |    31 ||   151
